[ AOE2 MATCH · #507095091 ]
UnrankedEthiopians vs Saracens
Player's team · LOSS
Rival team · WIN
[ REPLAY ANALYSIS · EXTRACTED FROM THE RECORDED GAME ]
Feudal
9:35
Castle
—
Imperial
—
| APM avg | 51.0 |
| APM peak | 73 |
| eAPM avg | 21.0 |
| Villagers / military | 56 / 25 |
Focus
⚔️ 31.3% · 🌾 68.7%
Skirmisher ×11 · Archer ×9 · Militia ×4 · Spearman ×1
Feudal
8:37
Castle
—
Imperial
—
| APM avg | 55.1 |
| APM peak | 77 |
| eAPM avg | 22.9 |
| Villagers / military | 37 / 28 |
Focus
⚔️ 48.0% · 🌾 52.0%
Archer ×25 · Militia ×2 · Skirmisher ×1
Match map
Initial resources + every placement click. Lines = walls · curves = elevation contours. ◆ gold · ⬟ stone · ● berries · ✦ relic · ◌ wall gap
Your base· ✓ Closed at 12:00 · 1t walls · 3 gate(s)
[CL] Tatán's base· ✓ Closed at 12:00 · 0t walls · 3 gate(s)
Smoothed initial terrain · ◌ = detected wall gap · hover for details
Inputs per minute
— gardensalad - - [CL] Tatán
Build order — gardensalad
125 actions detected in the replay
| 0:01 | Create | Villager (Male) |
| 0:02 | Build | House |
| 0:03 | Build | House |
| 0:04 | Create | Villager (Male) ×3 |
| 1:33 | Create | Villager (Male) |
| 1:47 | Build | Lumber Camp |
| 1:51 | Create | Villager (Male) |
| 1:52 | Create | Villager (Male) |
| 1:59 | Build | Lumber Camp |
| 2:33 | Create | Villager (Male) |
| 2:55 | Create | Villager (Male) |
| 3:07 | Create | Villager (Male) |
| 3:39 | Create | Villager (Male) |
| 4:10 | Create | Villager (Male) |
| 4:10 | Create | Villager (Male) |
| 4:11 | Create | Villager (Male) |
| 4:11 | Create | Villager (Male) |
| 4:14 | Build | House |
| 4:19 | Build | Mill |
| 5:15 | Create | Villager (Male) ×3 |
| 5:16 | Create | Villager (Male) ×3 |
| 5:29 | Create | Villager (Male) |
| 5:30 | Create | Villager (Male) |
| 5:34 | Build | House |
| 5:36 | Create | Villager (Male) |
| 6:02 | Create | Villager (Male) |
| 6:02 | Create | Villager (Male) |
| 6:18 | Research | Loom |
| 6:41 | Create | Villager (Male) |
| 6:41 | Create | Villager (Male) |
| 6:46 | Build | Barracks |
| 7:25 | Research | Feudal Age |
| 7:25 | Research | Feudal Age |
| 7:49 | Build | Mining Camp |
| 8:02 | Create | Villager (Male) |
| 8:10 | Build | House |
| 8:14 | Create | Militia |
| 8:14 | Create | Militia |
| 8:50 | Build | Palisade Wall |
| 8:57 | Create | Militia |
| 8:59 | Create | Villager (Male) |
| 8:59 | Create | Villager (Male) |
| 9:05 | Build | Mining Camp |
| 9:07 | Create | Villager (Male) |
| 9:16 | Build | House |
| 9:35 | Age | Feudal Age |
| 9:36 | Research | Double-Bit Axe |
| 9:39 | Research | Man-at-Arms (upgrade) |
| 9:56 | Create | Villager (Male) |
| 10:05 | Build | Watch Tower |
| 10:51 | Create | Spearman |
| 10:51 | Create | Villager (Male) |
| 11:25 | Create | Villager (Male) ×2 |
| 11:28 | Build | Archery Range |
| 11:45 | Create | Villager (Male) |
| 11:45 | Create | Villager (Male) |
| 12:02 | Create | Villager (Male) |
| 12:05 | Build | Blacksmith |
| 12:26 | Create | Archer |
| 12:27 | Create | Archer |
| 12:36 | Build | Watch Tower |
| 12:38 | Create | Archer |
| 12:39 | Create | Archer |
| 12:39 | Create | Villager (Male) |
| 12:49 | Build | Farm |
| 13:23 | Build | Watch Tower |
| 13:28 | Create | Archer |
| 13:28 | Create | Archer |
| 13:29 | Create | Villager (Male) ×2 |
| 13:38 | Build | Archery Range |
| 13:41 | Create | Skirmisher |
| 13:41 | Create | Skirmisher |
| 13:41 | Create | Villager (Male) |
| 13:41 | Create | Villager (Male) |
| 13:50 | Build | Farm |
| 13:50 | Create | Villager (Male) |
| 13:55 | Create | Villager (Male) ×2 |
| 14:01 | Create | Skirmisher |
| 14:02 | Create | Skirmisher |
| 14:13 | Create | Skirmisher |
| 14:19 | Build | Watch Tower |
| 14:22 | Build | House |
| 14:27 | Create | Skirmisher |
| 14:27 | Create | Skirmisher |
| 14:30 | Build | House |
| 14:31 | Create | Villager (Male) |
| 14:50 | Create | Skirmisher |
| 14:50 | Create | Skirmisher |
| 14:50 | Create | Archer |
| 15:04 | Build | Lumber Camp |
| 15:08 | Build | Lumber Camp |
| 15:09 | Create | Villager (Male) |
| 15:10 | Create | Villager (Male) |
| 15:32 | Build | Watch Tower |
| 15:45 | Create | Skirmisher |
| 15:45 | Create | Skirmisher |
| 15:46 | Create | Archer |
| 15:46 | Create | Archer |
| 16:11 | Build | House |
| 16:13 | Build | House |
| 16:20 | Create | Villager (Male) |
| 16:20 | Create | Villager (Male) |
| 16:22 | Build | Blacksmith |
| 16:27 | Build | Market |
| 16:38 | Build | Palisade Wall |
| 16:41 | Build | Palisade Wall |
| 16:49 | Build | Palisade Wall |
| 16:51 | Build | Palisade Wall |
| 16:53 | Build | House |
| 16:55 | Create | Villager (Male) |
| 16:55 | Create | Villager (Male) |
| 17:07 | Build | Mining Camp |
| 17:20 | Build | House |
| 17:22 | Build | House |
| 17:29 | Build | House |
| 17:41 | Build | Palisade Wall |
| 17:48 | Build | Farm |
| 17:49 | Build | Farm |
| 17:56 | Build | Farm |
| 18:00 | Create | Villager (Male) ×2 |
| 18:03 | Create | Militia |
| 18:11 | Build | Palisade Wall |
| 18:23 | Build | House |
| 18:26 | Build | House |
| 18:28 | Build | House |
Build order — [CL] Tatán
104 actions detected in the replay
| 0:00 | Create | Villager (Male) |
| 0:01 | Create | Villager (Male) |
| 0:01 | Create | Villager (Male) |
| 0:01 | Create | Villager (Male) |
| 0:02 | Build | House |
| 0:04 | Build | House |
| 1:39 | Create | Villager (Male) |
| 1:51 | Create | Villager (Male) |
| 2:30 | Create | Villager (Male) |
| 2:36 | Build | Lumber Camp |
| 2:39 | Create | Villager (Male) |
| 3:14 | Create | Villager (Male) |
| 3:34 | Create | Villager (Male) |
| 4:00 | Build | House |
| 4:03 | Create | Villager (Male) |
| 4:22 | Create | Villager (Male) |
| 4:25 | Build | House |
| 4:54 | Create | Villager (Male) |
| 5:16 | Build | Mining Camp |
| 5:21 | Create | Villager (Male) |
| 5:34 | Create | Villager (Male) |
| 6:27 | Research | Feudal Age |
| 7:35 | Build | Barracks |
| 7:53 | Create | Villager (Male) |
| 8:33 | Create | Villager (Male) |
| 8:37 | Age | Feudal Age |
| 8:38 | Build | Archery Range |
| 8:49 | Build | House |
| 9:14 | Build | Archery Range |
| 9:22 | Create | Archer |
| 9:23 | Create | Archer |
| 9:28 | Research | Double-Bit Axe |
| 9:31 | Create | Villager (Male) |
| 9:37 | Create | Villager (Male) |
| 9:47 | Create | Archer |
| 10:22 | Create | Archer |
| 10:22 | Create | Archer |
| 10:22 | Create | Archer |
| 10:33 | Create | Archer |
| 10:33 | Create | Archer |
| 10:33 | Create | Villager (Male) |
| 10:34 | Create | Villager (Male) |
| 10:34 | Create | Villager (Male) |
| 11:18 | Build | House |
| 11:28 | Create | Archer |
| 11:28 | Create | Villager (Male) |
| 11:29 | Create | Villager (Male) |
| 11:31 | Build | Blacksmith |
| 11:33 | Build | House |
| 11:43 | Create | Archer |
| 12:03 | Create | Villager (Male) |
| 12:05 | Build | Watch Tower |
| 12:12 | Create | Villager (Male) |
| 12:26 | Create | Archer |
| 12:33 | Build | Mill |
| 12:35 | Build | House |
| 12:36 | Build | House |
| 12:57 | Create | Archer |
| 13:02 | Research | Fletching |
| 13:05 | Build | Mill |
| 13:23 | Build | Farm |
| 13:24 | Build | Farm |
| 13:26 | Build | Market |
| 13:52 | Research | Loom |
| 13:52 | Research | Loom |
| 14:00 | Create | Villager (Male) |
| 14:01 | Create | Villager (Male) |
| 14:20 | Create | Villager (Male) |
| 14:30 | Create | Militia |
| 14:30 | Create | Militia |
| 14:33 | Create | Archer |
| 14:34 | Create | Archer |
| 14:43 | Create | Villager (Male) |
| 14:48 | Build | Farm |
| 14:52 | Create | Archer |
| 14:52 | Create | Archer |
| 14:52 | Create | Archer |
| 15:05 | Build | Farm |
| 15:08 | Build | Farm |
| 15:30 | Create | Archer |
| 15:31 | Create | Villager (Male) |
| 15:41 | Build | House |
| 16:10 | Create | Archer |
| 16:26 | Create | Villager (Male) |
| 16:27 | Create | Archer |
| 16:30 | Build | Farm |
| 16:30 | Build | Farm |
| 16:30 | Build | Farm |
| 16:32 | Build | Farm |
| 16:48 | Create | Villager (Male) |
| 16:52 | Create | Villager (Male) |
| 17:35 | Create | Villager (Male) |
| 17:37 | Build | Farm |
| 17:37 | Build | Farm |
| 17:37 | Build | Farm |
| 17:47 | Create | Skirmisher |
| 17:47 | Create | Archer |
| 17:48 | Create | Archer |
| 17:48 | Create | Archer |
| 18:20 | Build | House |
| 18:27 | Create | Archer |
| 18:27 | Create | Archer |
| 18:28 | Create | Villager (Male) |
| 18:49 | Create | Villager (Male) |
Match timeline
| 6:46 | gardensalad · first_building Barracks |
| 7:35 | [CL] Tatán · first_building Barracks |
| 8:37 | [CL] Tatán · age_up feudal |
| 8:38 | [CL] Tatán · first_building Archery Range |
| 8:50 | gardensalad · wall_segment Palisade Wall x1 |
| 9:35 | gardensalad · age_up feudal |
| 11:28 | gardensalad · first_building Archery Range |
| 14:51 | [CL] Tatán · first_market_sell 100 wood |
| 16:38 | gardensalad · wall_segment Palisade Wall x9 |
| 16:41 | gardensalad · wall_segment Palisade Wall x6 |
| 16:49 | gardensalad · wall_segment Palisade Wall x1 |
| 16:51 | gardensalad · wall_segment Palisade Wall x1 |
| 17:41 | gardensalad · wall_segment Palisade Wall x5 |
| 17:58 | gardensalad · first_market_sell 100 wood |
| 17:59 | gardensalad · first_market_buy 100 food |
| 18:11 | gardensalad · wall_segment Palisade Wall x5 |
| 18:51 | gardensalad · resign |
[ AI ANALYSIS · 1 CREDIT ]
What really happened in this match?
Wolo.gg analyzes every decision: build order, eco, micro, common mistakes by bracket. Personalized analysis on WhatsApp or Discord in 30 seconds.
Civ guide
Ethiopians
Perfil
Jugador #895385